 Dungeon Crawl Stone Soup version 0.29.1-1-gd02db6906a (webtiles) character file.

Game seed: 232235564640777404

4 Araneus the Sneak (level 1, 0/14 HPs)
             Began as an Octopode Brigand on Sept 29, 2022.
             Slain by an endoplasm (2 damage)
             ... on level 1 of the Dungeon.
             The game lasted 00:01:26 (99 turns).

Araneus the Sneak (Octopode Brigand)                  Turns: 99, Time: 00:01:27

Health: 0/14       AC:  1    Str: 10    XL:     1   Next: 70%
Magic:  1/1        EV: 12    Int: 13    God:
Gold:   0          SH:  0    Dex: 13    Spells: 0/0 levels left

rFire   . . .      SeeInvis .   e - +2 short sword (speed)
rCold   . . .      Faith    .   (no shield)
rNeg    . . .      Spirit   .   (helmet restricted)
rPois   .          Reflect  .   (no amulet)
rElec   .          Harm     .   (no ring)
rCorr   .          Rampage  .   (no ring)
Will    .....                   (no ring)
Stlth   ++++......              (no ring)
HPRegen 0.04/turn               (no ring)
MPRegen 0.07/turn               (no ring)
                                (no ring)
                                (no ring)

@: no status effects
A: almost no armour, amphibious, 8 rings, camouflage 1, gelatinous body 1,
(nimble swimmer 1), tentacles
a: no special abilities


You were on level 1 of the Dungeon.
You visited 1 branch of the dungeon, and saw 1 of its levels.

Inventory:

Hand Weapons
 a - a +2 dagger
 e - a +2 short sword of speed (weapon)
Missiles
 b - 6 poisoned darts (quivered)
 c - 3 curare-tipped darts
Scrolls
 d - a scroll of blinking {unknown}


   Skills:
 - Level 2.0 Fighting
 + Level 2.0 Short Blades
 + Level 2.0 Throwing
 - Level 1.0 Dodging
 + Level 5.6 Stealth


You couldn't memorise any spells.
You didn't know any spells.
Your spell library was empty.

Dungeon Overview and Level Annotations

Branches:
Dungeon (1/15)

Altars:


Innate Abilities, Weirdness & Mutations

You cannot wear most types of armour.
You are amphibious.
You can wear up to eight rings at the same time.
Your skin changes colour to match your surroundings (Stealth+).
Your rubbery body absorbs attacks. (AC +1, EV +1)
((You are camouflaged when in or above water. (Stealth+)))
You have tentacles for arms and can constrict up to eight enemies at once.


Message History

Aim: a kobold, wielding a +0 short sword (wandering, hasn't noticed you, 51% to hit)
You throw a poisoned dart.
The poisoned dart completely misses the kobold.
The kobold shouts!
Throw: 8 darts (poison)
Press: ? - help, Q - select action, (/) - cycle Shift-Dir - straight line, f/p - kobold
Aim: a kobold, wielding a +0 short sword (51% to hit)
You throw a poisoned dart. The poisoned dart hits the kobold.
The kobold is poisoned.
Throw: 7 darts (poison)
Press: ? - help, Q - select action, (/) - cycle Shift-Dir - straight line, f/p - kobold
Aim: a kobold, wielding a +0 short sword (severely wounded, poisoned, 51% to hit)
You throw a poisoned dart. The poisoned dart hits the kobold.
The kobold looks even sicker.
The kobold is severely wounded.
You hit the kobold.
You kill the kobold!
Things that are here:
a +0 short sword; a kobold corpse An endoplasm comes into view.
Throw: 6 darts (poison)
Press: ? - help, Q - select action, (/) - cycle Shift-Dir - straight line, f - endoplasm
Aim: an endoplasm (wandering, hasn't noticed you, 86% to hit)
You throw a poisoned dart. The poisoned dart hits the endoplasm.
The endoplasm quivers.
Unknown command.
You are too injured to fight recklessly!
You are too injured to fight recklessly!
You are too injured to fight recklessly!
You see here a poisoned dart.
b - 6 poisoned darts (gained 1)
You hit the endoplasm.
The endoplasm is heavily wounded.
The endoplasm hits you.
* * * LOW HITPOINT WARNING * * *
You hit the endoplasm.
You squeeze the endoplasm, but do no damage.
The endoplasm is severely wounded.
The endoplasm hits you.
You die...

#.####### #........
##.#...... .# .........
.. #....... .# # #....#
.#.# #
#####....#######(#.#.#.
#..)...........(.......
#.####........@J.(.#
###.#....#.####.)..#....
#...#..#.#.#####.### #
#.####.#.......†.#
#.#....###.####..#
#.#.##.[.........#
#.#.####.#.#.....#
#......#.#.#....##
###.##.# #......#


You could see an endoplasm.

Vanquished Creatures
  A dart slug (D:1)
  3 kobolds (D:1)
4 creatures vanquished.

Notes
Turn   | Place    | Note
-------+----------+-------------------------------------------
     0 | D:1      | Araneus the Octopode Brigand began the quest for the Orb.
     0 | D:1      | Reached XP level 1. HP: 14/14 MP: 1/1
    99 | D:1      | Slain by an endoplasm

Illustrated notes

Levels and vault maps discovered:
D:1:      lightli_arrival_lavapool, layout_basic, basic_ecumenical_altar,
          minmay_large_rounded_square

Action                   || total
-------------------------++-------
Melee: Dagger            ||     9
       Short sword       ||     3
       Constrict         ||     3
       Tentacles         ||     2
Throw: Dart              ||     4
Dodge: Dodged            ||     4
